 Dungeon Crawl Stone Soup version 0.29-a0-284-gf9362112df (webtiles) character file.

Game seed: 15016175142726631337

7672 Vomitron the Demonic Catastrophe (level 10, 0/80 HPs)
             Began as a Demonspawn Gladiator on Mar 17, 2022.
             Was an Elder of Qazlal.
             Slain by an orc warrior
             ... wielding a +0 war axe
              (15 damage)
             ... in a bailey.
             The game lasted 00:29:56 (9925 turns).

Vomitron the Demonic Catastrophe (DsGl)             Turns: 9925, Time: 00:29:57

Health: 0/80       AC: 35    Str: 22    XL:     10   Next: 99%
Magic:  1/17       EV: 11    Int: 11    God:    Qazlal [****..]
Gold:   514        SH:  5    Dex: 16    Spells: 12/19 levels left

rFire   . . .      SeeInvis .   f - +2 dagger (venom)
rCold   + . .      Faith    .   (no shield)
rNeg    . . .      Spirit   .   H - +7 Kryia's mail coat {PotionHeal*2 rC+}
rPois   +          Reflect  .   c - +1 helmet
rElec   .          Harm     .   A - +1 cloak
rCorr   .          Rampage  .   D - +2 pair of gloves
Will    .....                   n - +0 pair of boots
Stlth   ..........              (no amulet)
HPRegen 0.23/turn               v - ring of poison resistance
MPRegen 0.15/turn               g - +6 ring of strength

@: sanguine armoured, repel missiles
A: demonic guardian 1, sanguine armour 3, demonic magic 2, hooves 1,
deterioration 1, mutation resistance 1
a: Renounce Religion, Upheaval, Elemental Force


You were in a bailey.
You worshipped Qazlal.
Qazlal was greatly pleased with you.
You visited 1 branch of the dungeon, and saw 8 of its levels.
You also visited: Bailey.

You collected 514 gold pieces.

Inventory:

Hand Weapons
 a - a +0 long sword
 f - a +2 dagger of venom (weapon)
 o - a +0 vampiric spear
 t - a +3 spear
 x - a +1 short sword of electrocution
Missiles
 d - a throwing net
 e - a javelin
 i - 16 poisoned darts (quivered)
Armour
 b - a +0 leather armour
 c - a +1 helmet (worn)
 m - a +0 scale mail
 n - a +0 pair of boots (worn)
 A - a +1 cloak (worn)
 D - a +2 pair of gloves (worn)
 E - a +0 troll leather armour
 H - the +7 Kryia's mail coat (worn) {PotionHeal*2 rC+}
   (You found it on level 7 of the Dungeon)

   Potions are twice as effective at healing its wearer.
   rC:        It protects you from cold.
Jewellery
 g - a +6 ring of strength (right hand)
 r - a ring of fire
 v - a ring of poison resistance (left hand)
Wands
 u - a wand of polymorph (15)
 w - a wand of flame (32)
Scrolls
 p - a scroll of enchant armour
 s - 3 scrolls of teleportation
 y - 3 scrolls of amnesia
 z - 3 scrolls of magic mapping
 B - 4 scrolls of immolation
 C - a scroll of enchant weapon {unknown}
 F - 3 scrolls of fear
Potions
 h - 3 potions of attraction
 j - 3 potions of haste
 k - a potion of curing
 l - a potion of lignification
 q - 2 potions of mutation
 G - a potion of brilliance
 I - a potion of heal wounds


   Skills:
 + Level 8.1 Fighting
 - Level 7.7 Long Blades
 - Level 1.7 Throwing
 - Level 5.0 Armour
 - Level 3.1 Dodging
 + Level 5.0 Spellcasting
 - Level 5.1 Summonings
 + Level 3.7 Necromancy
 + Level 9.9 Invocations


You had 12 spell levels left.
You knew the following spells:

 Your Spells              Type           Power      Damage    Failure   Level
a - Call Canine Familiar  Summ           14%        N/A       19%         3
b - Pain                  Necr           40%        1d6       12%         1
c - Vampiric Draining     Necr           10%        2d6       34%         3

Your spell library contained the following spells:

 Spells                   Type           Power      Damage    Failure   Level
 Animate Skeleton         Necr           20%        N/A       12%         1
 Corpse Rot               Necr/Air       12%        N/A       36%         2
 Blink                    Tloc           4%         N/A       61%         2
 Dispel Undead            Necr           10%        3d9       75%         4
 Gell's Gravitas          Tloc           2%         N/A       83%         3
 Lesser Beckoning         Tloc           2%         N/A       83%         3
 Portal Projectile        Hex/Tloc       4%         N/A       83%         3
 Teleport Other           Tloc           2%         N/A       83%         3
 Tukima's Dance           Hex            2%         N/A       83%         3
 Leda's Liquefaction      Hex/Erth       1%         N/A       99%         4
 Passage of Golubria      Tloc           2%         N/A       99%         4
 Manifold Assault         Tloc           2%         N/A       100%        5
 Yara's Violent Unravell  Hex/Tmut       1%         3d3       100%        5
 Death Channel            Necr           5%         N/A       100%        6
 Borgnjor's Revivificati  Necr           5%         N/A       100%        8
 Necromutation            Tmut/Necr      3%         N/A       100%        8
 Death's Door             Necr           5%         N/A       100%        9


Dungeon Overview and Level Annotations

Branches:
Dungeon (8/15)             Temple (0/1) D:7          Bailey (1/1)
   Lair: D:8-11

Altars:
Ashenzari
Cheibriados
Gozag
Kikubaaqudgha
Makhleb
Qazlal
Sif Muna
Vehumet
Yredelemnul
Zin


Innate Abilities, Weirdness & Mutations

A weak demonic guardian rushes to your aid.
When seriously injured, your blood forms very thick armour. (AC +12)
Spells you cast may paralyse nearby enemies.
You have large cloven feet.
Your body sometimes deteriorates upon taking damage.
You are somewhat resistant to further mutation.


Message History

* * * LOW HITPOINT WARNING * * *
The orc warlord burns you.
* * * LOW HITPOINT WARNING * * *
Press: ? - help, v - describe, . - travel
Here: an orc warlord, wielding a +2 great sword of flaming and wearing a +0 chain mail (almost dead, very poisoned)
The floor, spattered with blood.
Okay, then.
You kill the orc warlord!
Qazlal accepts your kill.
You feel your dexterity returning.
Your Fighting skill increases to level 8!
Your Spellcasting skill increases to level 5!
Unknown command.
Unknown command.
There is an open door here.
Aiming: Throw Flame
Press: ? - help, Shift-Dir - straight line, f - orc warrior
Aim: an orc warrior, wielding a +0 war axe and wearing a +0 chain mail (strong, 64% to hit)
You hear a sizzling sound!
Unknown command.
Unknown command.
Unknown command.
Casting: Call Canine Familiar (dangerous; 19% risk of failure)
Confirm with . or Enter, or press ? or * to list all spells.
Aiming: Vampiric Draining (dangerous; 34% risk of failure)
Press: ? - help, Shift-Dir - straight line, f/p - orc warrior
Aim: an orc warrior, wielding a +0 war axe and wearing a +0 chain mail (strong)
You draw life force from the orc warrior.
You feel life coursing into your body. Malevolent energies surge around you.
You block the orc warrior's attack.
Unknown command.
Unknown command.
Unknown command.
You closely miss the orc warrior.
The orc warrior is moderately wounded.
You hit the orc warrior but do no damage.
The orc warrior is poisoned.
The orc warrior is moderately wounded.
The orc warrior hits you with a +0 war axe!
You die...

#.......#..)..[... ...
##.......##....... ....
#.........# ..[)). ...g.
##.....)...## ).)# o.....
#.....⌠.....###)###....gg.
##.........##88.88##
#.....°○..#.......#
##.......##.).....##
#.....○@o.........+
##.....##°........##
#######.....⌠.....#
##.........## #.........#
##.......## #.......#
##..∩..## #######


You could see an orc warrior (strong, very poisoned).

Vanquished Creatures
  An orc warlord (Bailey)
  A hydra (D:6)
  Pikel (D:4)
  Maurice (D:8)
  A troll (D:7)
  A slime creature (D:7)
  Prince Ribbit (D:5)
  Grinder (D:4)
  2 steam dragons
  Duvessa (D:4)
  2 sky beasts
  3 black bears
  2 ice beasts
  13 orc warriors
  An ogre (D:5)
  4 centaurs
  A lemure (D:3)
  4 phantoms
  A kobold brigand (D:6)
  3 bullfrogs
  A gnoll sergeant (D:7)
  A scorpion (D:4)
  Blork the orc (D:4)
  A wight (D:7)
  Dowan (D:4)
  2 nameless horrors (D:8)
  6 hounds
  7 orc priests
  A gnoll shaman (D:7)
  3 jellies
  Crazy Yiuf (D:6)
  Ijyb (D:4)
  4 iguanas
  4 orc wizards
  14 gnolls
  5 adders
  A shadow imp (D:7)
  4 white imps
  A worm (D:3)
  5 dart slugs
  34 orcs
  4 bats
  10 endoplasms
  3 giant cockroaches
  27 goblins
  26 hobgoblins
  2 quokkas
  6 ball pythons
  2 frilled lizards
  8 kobolds
  4 rats
235 creatures vanquished.

Vanquished Creatures (collateral kills)
  A jelly (D:8)
  An orc wizard (D:8)
  Robin (D:3)
  An adder (D:5)
  2 orcs
  A bat (D:1)
  An endoplasm (D:2)
  2 goblins
10 creatures vanquished.

Vanquished Creatures (others)
  An orc (D:7)
1 creature vanquished.

Grand Total: 246 creatures vanquished

Notes
Turn   | Place    | Note
-------+----------+-------------------------------------------
     0 | D:1      | Vomitron the Demonspawn Gladiator began the quest for the
                  | Orb.
     0 | D:1      | Reached XP level 1. HP: 16/16 MP: 1/1
   311 | D:1      | Gained mutation: A weak demonic guardian rushes to your
                  | aid. [demonic ancestry]
   311 | D:1      | Reached XP level 2. HP: 19/22 MP: 2/2
   466 | D:1      | Found a faded altar of an unknown god.
   709 | D:1      | Prayed at the altar of an unknown god.
   709 | D:1      | Became a worshipper of Qazlal Stormbringer
   709 | D:1      | Reached * piety under Qazlal
   823 | D:1      | Reached skill level 1 in Armour
   942 | D:1      | Reached XP level 3. HP: 22/28 MP: 3/3
  2122 | D:3      | Noticed Robin
  2204 | D:3      | Killed Robin
  2205 | D:3      | Reached skill level 1 in Invocations
  2399 | D:3      | Found an opulent altar of Gozag.
  2484 | D:3      | Gained mutation: When seriously injured, your blood forms
                  | armour. (AC +12) [demonic ancestry]
  2484 | D:3      | Reached XP level 4. HP: 34/34 MP: 4/4
  2510 | D:3      | Reached ** piety under Qazlal
  2981 | D:3      | Found a snail-covered altar of Cheibriados.
  2985 | D:3      | Found a basalt altar of Yredelemnul.
  2986 | D:3      | Found a shimmering blue altar of Sif Muna.
  3708 | D:4      | Noticed a phantom
  3724 | D:4      | Killed a phantom
  3725 | D:4      | Reached skill level 2 in Invocations
  3725 | D:4      | Reached XP level 5. HP: 26/41 MP: 6/6
  3852 | D:4      | Noticed Pikel
  3852 | D:4      | Noticed a lemure
  3852 | D:4      | Noticed a lemure
  3852 | D:4      | Noticed a lemure
  3852 | D:4      | Noticed a lemure
  3873 | D:3      | Killed a lemure
  3985 | D:4      | Killed Pikel
  3986 | D:4      | Reached skill level 5 in Long Blades
  3986 | D:4      | Reached skill level 4 in Invocations
  3986 | D:4      | Gained mutation: When seriously injured, your blood forms
                  | thick armour. (AC +12) [demonic ancestry]
  3986 | D:4      | Reached XP level 6. HP: 46/48 MP: 6/9
  3986 | D:4      | Gained mutation: When seriously injured, your blood forms
                  | very thick armour. (AC +12) [demonic ancestry]
  3986 | D:4      | Reached XP level 7. HP: 51/54 MP: 6/10
  4430 | D:4      | Noticed Dowan
  4455 | D:4      | Killed Dowan
  4584 | D:4      | Noticed Duvessa
  4595 | D:4      | Killed Duvessa
  5000 | D:4      | Found a radiant altar of Vehumet.
  5151 | D:4      | Noticed Blork the orc
  5163 | D:4      | Killed Blork the orc
  5164 | D:4      | Gained mutation: Spells you cast may paralyse adjacent
                  | enemies. [demonic ancestry]
  5164 | D:4      | Reached XP level 8. HP: 51/61 MP: 11/11
  5257 | D:5      | Entered Level 5 of the Dungeon
  5257 | D:5      | Noticed Grinder
  5283 | D:4      | Killed Grinder
  5284 | D:4      | Reached skill level 5 in Invocations
  5556 | D:5      | Noticed Prince Ribbit
  5588 | D:5      | Killed Prince Ribbit
  5588 | D:5      | Reached *** piety under Qazlal
  5589 | D:5      | Reached skill level 5 in Fighting
  5670 | D:5      | Noticed Ijyb
  5696 | D:4      | Reached skill level 6 in Invocations
  5838 | D:4      | Killed Ijyb
  6475 | D:5      | Gained mutation: Spells you cast may paralyse nearby
                  | enemies. [demonic ancestry]
  6475 | D:5      | Reached XP level 9. HP: 68/68 MP: 13/13
  6744 | D:6      | Found a runed translucent door.
  6745 | D:6      | Noticed Crazy Yiuf
  6837 | D:6      | Killed Crazy Yiuf
  7118 | D:6      | Reached skill level 1 in Spellcasting
  7246 | D:6      | Found an ancient bone altar of Kikubaaqudgha.
  7298 | D:6      | Reached skill level 5 in Armour
  7298 | D:6      | Reached skill level 7 in Invocations
  7594 | D:6      | Learned a level 3 spell: Call Canine Familiar
  7632 | D:7      | Noticed a five-headed hydra
  7735 | D:7      | Reached skill level 1 in Summonings
  7896 | D:7      | Noticed a troll
  7929 | D:7      | Killed a troll
  8170 | D:7      | Reached skill level 8 in Invocations
  8314 | D:6      | Killed a five-headed hydra
  8315 | D:6      | Reached XP level 10. HP: 29/77 MP: 7/16
  8419 | D:7      | Found a staircase to the Ecumenical Temple.
  8515 | D:7      | Found a burning altar of Makhleb.
  8893 | D:7      | Found the +7 Kryia's mail coat {PotionHeal*2 rC+}
  9020 | D:8      | Learned a level 1 spell: Pain
  9024 | D:8      | Learned a level 3 spell: Vampiric Draining
  9050 | D:8      | Found a broken altar of Ashenzari.
  9225 | D:8      | Noticed Maurice
  9249 | D:8      | Killed Maurice
  9250 | D:8      | Reached skill level 5 in Summonings
  9250 | D:8      | Reached skill level 1 in Necromancy
  9279 | D:8      | Found a flagged portal.
  9301 | Bailey   | Entered a bailey
  9343 | Bailey   | Reached skill level 9 in Invocations
  9356 | Bailey   | Reached **** piety under Qazlal
  9896 | Bailey   | Gained mutation: You have hidden genetic defects. [potion
                  | of mutation]
  9897 | Bailey   | Lost mutation: You have hidden genetic defects. [potion of
                  | mutation]
  9897 | Bailey   | Gained mutation: Your body sometimes deteriorates upon
                  | taking damage. [potion of mutation]
  9897 | Bailey   | Gained mutation: You are partially covered in large bone
                  | plates. (SH +4) [potion of mutation]
  9897 | Bailey   | Gained mutation: You are dopey. (Int -2) [potion of
                  | mutation]
  9898 | Bailey   | Lost mutation: You are partially covered in large bone
                  | plates. (SH +4) [potion of mutation]
  9898 | Bailey   | Lost mutation: You are dopey. (Int -2) [potion of mutation]
  9898 | Bailey   | Gained mutation: You have large cloven feet. [potion of
                  | mutation]
  9898 | Bailey   | Gained mutation: You are somewhat resistant to further
                  | mutation. [potion of mutation]
  9904 | Bailey   | Noticed an orc warlord
  9918 | Bailey   | Killed an orc warlord
  9919 | Bailey   | Reached skill level 5 in Spellcasting
  9925 | Bailey   | Slain by an orc warrior

Illustrated notes

Levels and vault maps discovered:
D:1:      lightli_molten_gateway, layout_basic, chequers_ecumenical_altar_island
D:2:      layout_loops_cross, serial_park_tiny_2
D:3:      layout_loops_ring, grunt_gozag_breadcrumbs, minitemple,
          chequers_serial_rivers_large_b, minmay_misc_feat_doors,
          hangedman_decor_points, kennysheep_generic_room_5, uniq_robin
D:4:      layout_gridville, vehumet_altar_wand_db, minmay_unequal, uniq_pikel,
          uniq_duvessa, uniq_blork_the_orc
D:5:      layout_gridville, grunt_decor_junction, uniq_grinder, uniq_ijyb,
          uniq_prince_ribbit1
D:6:      layout_rooms, mainiacjoe_overflow_tiny_flanked,
          uniq_crazy_yiuf_cottage
D:7:      cheibrodos_fzero, layout_rooms, mainiacjoe_overflow_alcove_1,
          minmay_temple_entry_arrows, hex_medium, item_on_display_a
D:8:      layout_cave_pools, nicolae_overflow_hidden_temple,
          cheibrodos_ashenzari_chains, enter_bailey_4,
          corexii_hall_statues_deadend, uniq_maurice
Bailey:   bailey_axe_minmay_hex_keep, bailey

Skill      XL: |  1  2  3  4  5  6  7  8  9 10 |
---------------+-------------------------------+-----
Long Blades    | 3 4 5 6 7 |  7.7
Armour         | 1 3 4 5 |  5.0
Invocations    | 1 2 4 6 8 9 |  9.9
Fighting       | 3 4 5 6 8 |  8.1
Spellcasting   | 3 5 |  5.0
Summonings     | 4 5 |  5.1
Dodging        | 3 |  3.1
Necromancy     | 3 |  3.7
Throwing       | |  1.7

Action                   |  1- 3 |  4- 6 |  7- 9 | 10-12 || total
-------------------------+-------+-------+-------+-------++-------
Melee: Long sword        |   111 |       |       |       ||   111
       Punch             |     2 |       |     7 |     6 ||    15
       Spear             |     5 |    61 |       |       ||    66
       Dagger            |       |    36 |   177 |   187 ||   400
       Short sword       |       |       |   265 |    93 ||   358
       Unarmed           |       |       |       |    10 ||    10
Throw: Throwing net      |       |       |     3 |       ||     3
       Dart              |       |       |     8 |    11 ||    19
 Cast: Call Canine Famil |       |       |       |    10 ||    10
       Vampiric Draining |       |       |       |     1 ||     1
Invok: Upheaval          |       |       |     7 |     6 ||    13
Evoke: Wand              |       |       |       |     1 ||     1
  Use: Scroll            |       |     6 |     1 |     7 ||    14
       Potion            |       |       |     1 |     3 ||     4
 Stab: Paralysed         |       |       |       |     3 ||     3
       Distracted        |       |       |       |     1 ||     1
Armor: Leather armour    |    23 |       |       |       ||    23
       Scale mail        |    29 |    32 |   180 |    98 ||   339
       Troll leather arm |       |       |    31 |    22 ||    53
       Skin              |       |       |       |     2 ||     2
Dodge: Dodged            |    85 |    41 |   216 |   118 ||   460
Block: Other             |     4 |     5 |    76 |    39 ||   124

Table legend: (Time is in decaauts)
 A = Elapsed time spent in this place.
 B = Non-inter-level travel time spent in this place.
 C = Inter-level travel time spent in this place.
 D = Time resting spent in this place.
 E = Time spent auto-exploring this place.
 F = Levels seen in this place.
 G = Mean time per level.
                   A        B        C        D        E       F      G
               +--------+--------+--------+--------+--------+-----+--------+
         Total |   9825 |   9338 |    487 |   2264 |   4607 |   9 | 1091.7 |
       Dungeon |   9236 |   8749 |    487 |   1999 |   4607 |   8 | 1154.5 |
        Bailey |    588 |    588 |      0 |    265 |      0 |   1 |  588.0 |
               +--------+--------+--------+--------+--------+-----+--------+

Top non-repeatable levels by time:
     D:4: 2097 daAuts
     D:3: 1551 daAuts
     D:6: 1397 daAuts
     D:1: 1218 daAuts
     D:7: 992 daAuts
     D:2: 890 daAuts
     D:5: 796 daAuts
  Bailey: 588 daAuts
     D:8: 292 daAuts
